 Dungeon Crawl Stone Soup version 0.23-a0-183-gf37f6fb (webtiles) character file.

7026 Mgcat the Tainter (level 10, -7/59 HPs)
             Began as a Deep Elf Venom Mage on Sept 21, 2018.
             Was an Elder of Ashenzari.
             Killed from afar by a wight (16 damage)
             ... with a wand of acid (9)
             ... on level 9 of the Dungeon on Sept 22, 2018.
             The game lasted 00:40:55 (12316 turns).

Mgcat the Tainter (Deep Elf Venom Mage)            Turns: 12316, Time: 00:40:55

Health: -7/59      AC:  5    Str:  5    XL:     10   Next: 82%
Magic:  11/19      EV: 16    Int: 27    God:    Ashenzari [****..]
Gold:   625        SH:  9    Dex: 15    Spells: 3/19 levels left

rFire    . . .     SeeInvis +   j - +7 mace (venom) (curse)
rCold    . . .     Gourm    .   C - +0 buckler (curse)
rNeg     . . .     Faith    .   p - +0 troll leather armour {Purgy}
rPois    .         Spirit   .   (no helmet)
rElec    .         Reflect  +   r - +0 cloak
rCorr    .         Harm     .   l - +2 pair of gloves
MR       +....     Clarity  +   y - +0 pair of boots
Stlth    ++........             e - +4 amulet of reflection (curse)
HPRegen  0.59/turn              m - ring of wizardry (curse) {Wiz+, !d}
MPRegen  0.16/turn              A - +3 ring of intelligence

@: corroded
A: no striking features
a: Curse Item, Scrying, Renounce Religion


You were on level 9 of the Dungeon.
You worshipped Ashenzari.
Ashenzari was greatly pleased with you.
You were hungry.

You visited 1 branch of the dungeon, and saw 9 of its levels.
You also visited: Sewer and Ossuary.

You collected 625 gold pieces.

Inventory:

Hand Weapons
 j - a cursed +7 mace of venom (weapon)
   (You found it on level 2 of the Dungeon)
Missiles
 E - 4 throwing nets {=f, !d}
Armour
 l - a +2 pair of gloves (worn)
   (You found it on level 3 of the Dungeon)
 p - a +0 troll leather armour (worn) {Purgy}
   (You found it on level 3 of the Dungeon)
 r - a +0 cloak (worn)
   (You took it off Crazy Yiuf on level 2 of the Dungeon)
 y - a +0 pair of boots (worn)
   (You found it on level 7 of the Dungeon)
 C - a cursed +0 buckler (worn)
   (You found it on level 4 of the Dungeon)
Jewellery
 e - a cursed +4 amulet of reflection (around neck)
   (You found it on level 2 of the Dungeon)
 m - a cursed ring of wizardry (left hand) {Wiz+, !d}
   (You found it on level 3 of the Dungeon)
 o - an uncursed ring of protection from cold {rC+, !d}
   (You found it on level 3 of the Dungeon)
 A - a +3 ring of intelligence (right hand)
   (You took it off an orc wizard on level 4 of the Dungeon)
 D - an uncursed ring of positive energy {rN+}
   (You found it on level 5 of the Dungeon)
Wands
 a - a wand of digging (18)
   (You took it off Maurice on level 8 of the Dungeon)
 b - a wand of enslavement (21)
   (You took it off Ijyb on level 3 of the Dungeon)
 n - a wand of flame (30)
   (You took it off Natasha on level 3 of the Dungeon)
 G - a wand of iceblast (11)
   (You found it on level 9 of the Dungeon)
Scrolls
 f - a scroll of magic mapping {!r}
 h - 5 scrolls of teleportation
 k - 5 scrolls of remove curse
 q - 2 scrolls of amnesia
 F - 4 scrolls of identify
Potions
 d - a potion of brilliance {unknown}
 g - 6 potions of curing
 i - 2 potions of invisibility {unknown}
 s - 6 potions of flight {unknown}
 t - 5 potions of heal wounds {unknown}
 u - 8 potions of lignification {!q}
 v - a potion of agility {unknown}
 x - 3 potions of mutation {unknown}
 z - a potion of might {unknown}
 B - a potion of haste {unknown}
Comestibles
 c - 10 rations
 w - 4 chunks of flesh {@w0}


   Skills:
 + Level 5.1 Fighting
 - Level 2.6(5.4) Maces & Flails
 + Level 8.0 Dodging
 - Level 2.4 Stealth
 - Level 2.7(4.6) Shields
 - Level 5.0 Spellcasting
 + Level 9.0(11.2) Conjurations
 - Level 5.0(7.2) Air Magic
 + Level 9.6(11.7) Poison Magic


You had 3 spell levels left.
You knew the following spells:

 Your Spells              Type           Power        Failure   Level  Hunger
a - Sting                 Conj/Pois      ####         1%          1    None
b - Poisonous Vapours     Pois/Air       ######       1%          2    None
c - Olgreb's Toxic Radia  Pois           ######..     1%          4    ###....
d - Venom Bolt            Conj/Pois      ######....   1%          5    #####..
e - Conjure Flame         Conj/Fire      #####...     1%          3    #......
f - Magic Dart            Conj           ####         1%          1    None

Your spell library contained the following spells:

 Spells                   Type           Power        Failure   Level  Hunger
 Mephitic Cloud           Conj/Pois/Air  ######..     1%          3    #......
 Blink                    Tloc           N/A          6%          2    None
 Call Imp                 Summ           #.......     6%          2    None
 Slow                     Hex            #.......     6%          2    None


Dungeon Overview and Level Annotations

Branches:
Dungeon (9/15)             Temple (0/1) D:4            Lair (0/6) D:8
    Orc: D:9-12

Altars:
Ashenzari
Fedhas
Gozag
Kikubaaqudgha
Makhleb
Nemelex Xobeh
Okawaru
Ru
Sif Muna
Xom
Yredelemnul
The Shining One


Message History

Moving in this stuff is going to be slow.
Some of the chunks of flesh in your inventory have rotted away.
A wight comes into view.
Ashenzari warns you: It is wielding an enchanted great sword and carrying a Unknown command.
Unknown command.
Casting: Sting (safe; 1% risk of failure)
Confirm with . or Enter, or press ? or * to list all spells.
You can't see any susceptible monsters within range! (Use Z to cast anyway.)
Casting: Sting (safe; 1% risk of failure)
Confirm with . or Enter, or press ? or * to list all spells.
You can't see any susceptible monsters within range! (Use Z to cast anyway.)
Casting: Sting (safe; 1% risk of failure)
Confirm with . or Enter, or press ? or * to list all spells.
You can't see any susceptible monsters within range! (Use Z to cast anyway.)
You see here an uncursed ring mail.
Casting: Sting (safe; 1% risk of failure)
Confirm with . or Enter, or press ? or * to list all spells.
You can't see any susceptible monsters within range! (Use Z to cast anyway.)
Casting: Sting (safe; 1% risk of failure)
Confirm with . or Enter, or press ? or * to list all spells.
You can't see any susceptible monsters within range! (Use Z to cast anyway.)
Casting: Sting (safe; 1% risk of failure)
Confirm with . or Enter, or press ? or * to list all spells.
You can't see any susceptible monsters within range! (Use Z to cast anyway.)
Casting: Sting (safe; 1% risk of failure)
Confirm with . or Enter, or press ? or * to list all spells.
You can't see any susceptible monsters within range! (Use Z to cast anyway.)
Casting: Sting (safe; 1% risk of failure)
Confirm with . or Enter, or press ? or * to list all spells.
You can't see any susceptible monsters within range! (Use Z to cast anyway.)
Casting: Sting (safe; 1% risk of failure)
Confirm with . or Enter, or press ? or * to list all spells.
Aiming: Magic Dart (safe; 1% risk of failure)
Press: ? - help, Shift-Dir - straight line, f - wight
Aim: a wight, wielding an enchanted great sword, wearing a robe and carrying a The magic dart hits the wight.
Casting: Magic Dart (safe; 1% risk of failure)
Confirm with . or Enter, or press ? or * to list all spells.
Aiming: Magic Dart (safe; 1% risk of failure)
Press: ? - help, Shift-Dir - straight line, f/p - wight
Aim: a wight, wielding an enchanted great sword, wearing a robe and carrying a The magic dart hits the wight.
Casting: Magic Dart (safe; 1% risk of failure)
Confirm with . or Enter, or press ? or * to list all spells.
Aiming: Magic Dart (safe; 1% risk of failure)
Press: ? - help, Shift-Dir - straight line, f/p - wight
Aim: a wight, wielding an enchanted great sword, wearing a robe and carrying a The magic dart hits the wight.
The wight is lightly damaged.
Casting: Magic Dart (safe; 1% risk of failure)
Confirm with . or Enter, or press ? or * to list all spells.
Aiming: Magic Dart (safe; 1% risk of failure)
Press: ? - help, Shift-Dir - straight line, f/p - wight
Aim: a wight, wielding an enchanted great sword, wearing a robe and carrying a The magic dart hits the wight.
The wight is moderately damaged.
Casting: Magic Dart (safe; 1% risk of failure)
Confirm with . or Enter, or press ? or * to list all spells.
Aiming: Magic Dart (safe; 1% risk of failure)
Press: ? - help, Shift-Dir - straight line, f/p - wight
Aim: a wight, wielding an enchanted great sword, wearing a robe and carrying a The magic dart hits the wight.
The wight is moderately damaged.
Casting: Magic Dart (safe; 1% risk of failure)
Confirm with . or Enter, or press ? or * to list all spells.
Aiming: Magic Dart (safe; 1% risk of failure)
Press: ? - help, Shift-Dir - straight line, f/p - wight
Aim: a wight, wielding an enchanted great sword, wearing a robe and carrying a The magic dart hits the wight.
The wight is moderately damaged.
Casting: Magic Dart (safe; 1% risk of failure)
Confirm with . or Enter, or press ? or * to list all spells.
You begin to radiate toxic energy.
You hit the wight.
The wight is heavily damaged.
The wight zaps a wand.
The bolt of acid misses you.
Unknown command.
Unknown command.
You are feeling hungry.
You barely miss the wight.
The wight is heavily damaged.
Your toxic aura wanes.
The wight zaps a wand.
The bolt of acid hits you! The acid corrodes you!
You are splashed with acid!
The acid burns!
You hit the wight.
The wight is severely damaged.
The wight zaps a wand.
The bolt of acid hits you!
You are splashed with acid!
The acid burns!
* * * LOW HITPOINT WARNING * * *
Unknown command.
Unknown command.
Unknown command.
You barely miss the wight.
The wight is severely damaged.
The wight barely misses you.
You closely miss the wight.
The wight is severely damaged.
The wight zaps a wand.
The bolt of acid hits you!
You die...

#####.#.≈≈≈≈≈≈≈≈≈≈≈≈≈...
......#.≈≈≈≈≈≈≈≈≈≈≈≈≈...
,
.....##.≈≈≈≈≈≈≈≈≈≈≈≈z...
######..#####.......#
...........# *#[# * * ,
######..#### #.# *
...........# #.#
...........# #z# ,
...........#####@## * *
.................##* *
...........######### * *
......##...# ###..... ,
.##........# #.####*
....(#.#...# *.# *
##.......### .# ,,
.....#.#...# .# * *
...........####### * *,,


You could see a wight.

Vanquished Creatures
  Harold (D:8)
  A two-headed ogre (D:9)
  Pikel (D:5)
  Maurice (D:8)
  A queen bee (D:8)
  A water moccasin (D:9)
  Purgy (D:3)
  A sky beast (D:9)
  2 slaves (D:5)
  A phantom (D:6)
  An ice beast (D:7)
  2 ogres
  10 centaurs
  A crocodile (D:7)
  5 bullfrogs
  A big kobold (Sewer)
  A scorpion (D:8)
  A water moccasin skeleton (D:9)
  21 killer bees
  A howler monkey (D:4)
  7 crimson imps
  2 quasits
  3 jellies
  Crazy Yiuf (D:2)
  4 hounds
  7 orc wizards
  A bullfrog zombie (D:7)
  2 human zombies (Ossuary)
  5 orc priests (D:4)
  Ijyb (D:3)
  A bullfrog skeleton (D:7)
  3 iguanas
  Natasha (thrice) (D:3)
  7 worker ants
  A big kobold zombie (Ossuary)
  2 hound skeletons
  4 mummies (Ossuary)
  A worker ant zombie (D:5)
  4 gnolls (D:3)
  A howler monkey skeleton (D:5)
  A river rat (Sewer)
  9 adders
  A shadow imp (D:5)
  2 adder zombies
  6 worms
  A dart slug (D:2)
  7 leopard geckos
  18 orcs
  A ball python (D:6)
  8 bats
  12 giant cockroaches
  9 goblins
  2 hobgoblins
  28 jackals
  11 kobolds
  5 quokkas
  3 frilled lizards
  A goblin zombie (Ossuary)
  A hobgoblin zombie (Ossuary)
  2 jackal skeletons
  A kobold zombie (Ossuary)
  2 orc zombies (Ossuary)
  2 quokka skeletons
  11 rats
259 creatures vanquished.

Vanquished Creatures (others)
  A slave (D:8)
  A human (D:8)
  A hound (D:8)
3 creatures vanquished.

Grand Total: 262 creatures vanquished

Notes
Turn   | Place    | Note
-------+----------+-------------------------------------------
     0 | D:1      | Mgcat the Deep Elf Venom Mage began the quest for the Orb.
     0 | D:1      | Reached XP level 1. HP: 10/10 MP: 6/6
   221 | D:1      | Reached XP level 2. HP: 15/15 MP: 5/8
   234 | D:1      | Learned a level 2 spell: Poisonous Vapours
   705 | D:1      | Reached skill level 2 in Conjurations
   951 | D:1      | Reached XP level 3. HP: 19/19 MP: 8/10
  1162 | D:2      | Found a shattered altar of Ashenzari.
  1167 | D:2      | Became a worshipper of Ashenzari the Shackled
  1314 | D:2      | Found a burning altar of Makhleb.
  1315 | D:2      | Found a shimmering altar of Xom.
  1397 | D:2      | Reached skill level 4 in Spellcasting
  1461 | D:2      | Reached skill level 4 in Poison Magic
  1510 | D:2      | Found an iron altar of Okawaru.
  1587 | D:2      | Reached XP level 4. HP: 24/24 MP: 1/12
  1593 | D:2      | Learned a level 4 spell: Olgreb's Toxic Radiance
  1768 | D:2      | Found a runed door.
  2266 | D:3      | Noticed Ijyb
  2291 | D:3      | Killed Ijyb
  2291 | D:3      | Reached skill level 1 in Air Magic
  2461 | D:3      | Noticed Natasha
  2464 | D:3      | Killed Natasha
  2464 | D:3      | Reached skill level 3 in Conjurations
  2464 | D:3      | Reached XP level 5. HP: 28/28 MP: 3/13
  2573 | D:3      | Found a faded altar of an unknown god.
  2592 | D:3      | Noticed Purgy
  2765 | D:3      | Learned a level 5 spell: Venom Bolt
  2836 | D:3      | Noticed Natasha
  2839 | D:3      | Killed Natasha
  2885 | D:3      | Reached skill level 5 in Spellcasting
  2900 | D:3      | Killed Purgy
  2900 | D:3      | Reached skill level 2 in Air Magic
  2900 | D:3      | Reached skill level 5 in Poison Magic
  2900 | D:3      | Reached XP level 6. HP: 29/32 MP: 0/15
  2988 | D:3      | Found a sparkling altar of Nemelex Xobeh.
  3132 | D:3      | Reached skill level 4 in Conjurations
  3314 | D:3      | Noticed Natasha
  3318 | D:3      | Killed Natasha
  3656 | D:2      | Noticed Crazy Yiuf
  3660 | D:2      | Killed Crazy Yiuf
  3660 | D:2      | Reached skill level 3 in Air Magic
  3752 | D:4      | Found a glowing drain.
  3768 | Sewer    | Entered a sewer
  3920 | Sewer    | Reached XP level 7. HP: 21/36 MP: 5/16
  4059 | Sewer    | Found a white marble altar of Elyvilon.
  4115 | D:4      | Found a sand-covered staircase.
  4123 | Ossuary  | Entered an ossuary
  4841 | D:4      | Reached skill level 6 in Poison Magic
  4847 | D:4      | Reached skill level 5 in Conjurations
  4861 | D:4      | Reached skill level 4 in Air Magic
  4863 | D:4      | HP: 5/36 [orc wizard/magic dart (6)]
  5245 | D:4      | Found a staircase to the Ecumenical Temple.
  5499 | D:4      | Reached XP level 8. HP: 41/41 MP: 8/17
  5675 | D:4      | Reached * piety under Ashenzari
  5676 | D:4      | Found a sacrificial altar of Ru.
  6038 | D:5      | Entered Level 5 of the Dungeon
  6064 | D:5      | HP: 6/41 [centaur/arrow (6)]
  6490 | D:5      | Reached skill level 6 in Conjurations
  6593 | D:5      | Reached skill level 3 in Dodging
  6593 | D:5      | Reached skill level 1 in Shields
  6716 | D:5      | Reached skill level 1 in Fighting
  6752 | D:5      | Reached skill level 7 in Poison Magic
  6868 | D:5      | Reached skill level 5 in Air Magic
  6873 | D:5      | Learned a level 3 spell: Conjure Flame
  6875 | D:5      | Learned a level 1 spell: Magic Dart
  7335 | D:5      | Noticed Pikel
  7343 | D:5      | Killed Pikel
  7343 | D:5      | Reached skill level 2 in Fighting
  7343 | D:5      | Reached skill level 4 in Dodging
  7343 | D:5      | Reached skill level 2 in Shields
  7343 | D:5      | Reached XP level 9. HP: 48/48 MP: 5/18
  7884 | D:6      | Reached ** piety under Ashenzari
  8290 | D:6      | Reached skill level 7 in Conjurations
  8575 | D:7      | Reached skill level 5 in Dodging
  8857 | D:7      | Reached skill level 3 in Fighting
  8912 | D:7      | Reached skill level 8 in Poison Magic
  9119 | D:7      | Identified the cursed +1 war axe of Trog's Pride {chop,
                  | Str+5}
  9666 | D:7      | Found a blossoming altar of Fedhas.
 10308 | D:8      | Found a glowing golden altar of the Shining One.
 10344 | D:8      | Reached skill level 6 in Dodging
 10354 | D:8      | Noticed a queen bee
 10361 | D:8      | Killed a queen bee
 10361 | D:8      | Reached skill level 1 in Maces & Flails
 10366 | D:8      | Reached XP level 10. HP: 56/56 MP: 0/19
 10401 | D:8      | Reached skill level 8 in Conjurations
 10406 | D:8      | Reached skill level 4 in Fighting
 10673 | D:8      | Found a deep blue altar of Sif Muna.
 10723 | D:8      | Reached *** piety under Ashenzari
 10751 | D:8      | Found an ancient bone altar of Kikubaaqudgha.
 10785 | D:8      | Noticed Maurice
 10799 | D:8      | Killed Maurice
 10945 | D:8      | Noticed Harold
 10964 | D:8      | Killed Harold
 10964 | D:8      | Reached skill level 2 in Maces & Flails
 10964 | D:8      | Reached skill level 7 in Dodging
 10964 | D:8      | Reached skill level 9 in Poison Magic
 11155 | D:8      | Found a staircase to the Lair.
 11428 | D:9      | Found a basalt altar of Yredelemnul.
 11968 | D:9      | Noticed a two-headed ogre
 11977 | D:9      | Killed a two-headed ogre
 11977 | D:9      | Reached skill level 5 in Fighting
 11977 | D:9      | Reached skill level 9 in Conjurations
 12055 | D:9      | Reached **** piety under Ashenzari
 12079 | D:9      | Reached skill level 8 in Dodging
 12252 | D:9      | Found an opulent altar of Gozag.
 12314 | D:9      | HP: 7/59 [acid (11)]
 12316 | D:9      | Killed from afar by a wight

Vault maps used:
D:1:      matt_arrival_spirals
D:2:      gammafunk_temple_overflow_statue, lemuel_doored_altar, first_ration,
          okawaru_gym_becter, uniq_crazy_yiuf_cottage
D:3:      old_standard_altar, chequers_ecumenical_altar_island, uniq_purgy,
          uniq_ijyb, uniq_natasha
D:4:      hangedman_ru_absence, temple_doors_e,
          lightli_ossuary_entry_decrepit_ruins, portal_sewer_entry_f
D:5:      uniq_pikel
D:6:      corexii_shack
D:7:      fedhas_altar_fruit_tree
D:8:      kennysheep_mini, lemuel_round_altar, lair_entry_dummy, david_nohive_1,
          tgw_kikubaaqudgha, uniq_harold, uniq_maurice
D:9:      nicolae_whirlpool, kennysheep_little_box, nicolae_gozag_seed_capital,
          basic_altar, serial_co_window_serial, co_window_corner_a,
          co_window_corner_a, co_window_of_opportunity_a, co_window_paths_a,
          co_window_corner_a, co_window_corner_a, co_window_of_opportunity_a,
          co_window_of_opportunity_a, co_window_paths_a,
          co_window_unsneaky_path_c, co_window_of_opportunity_c,
          co_window_2corner, co_window_2corner, glass_columns_a,
          glass_columns_a, glass_columns_a, glass_columns_b
Sewer:    sewer_kobolds
Ossuary:  ossuary_crypta

Skill      XL: |  1  2  3  4  5  6  7  8  9 10 |
---------------+-------------------------------+-----
Conjurations   | 2 3 4 5 6 7 9 |  9.0
Spellcasting   | 4 5 |  5.0
Poison Magic   | 4 5 6 7 8 9 |  9.6
Air Magic      | 1 2 3 4 5 |  5.0
Dodging        | 4 6 8 |  8.0
Shields        | 2 |  2.7
Fighting       | 2 3 5 |  5.1
Maces & Flails | 1 2 |  2.6
Stealth        | |  2.4

Action                   |  1- 3 |  4- 6 |  7- 9 | 10-12 || total
-------------------------+-------+-------+-------+-------++-------
Melee: Dagger            |    10 |       |       |       ||    10
       Mace              |       |    10 |   133 |    95 ||   238
 Cast: Sting             |    53 |    61 |    81 |    29 ||   224
       Poisonous Vapours |    22 |    63 |   142 |    38 ||   265
       Olgreb's Toxic Ra |       |     1 |    15 |    11 ||    27
       Magic Dart        |       |       |    47 |    15 ||    62
       Conjure Flame     |       |       |     4 |     3 ||     7
       Venom Bolt        |       |       |    11 |       ||    11
Invok: Curse Item        |       |       |     4 |       ||     4
  Use: Potion            |       |     1 |     6 |       ||     7
       Scroll            |       |       |    14 |     2 ||    16
 Stab: Sleeping          |       |       |     3 |     2 ||     5
  Eat: Chunk             |     2 |     8 |    17 |     8 ||    35
       Ration            |       |       |     2 |       ||     2
Armor: Robe              |     6 |     8 |    36 |       ||    50
       Troll leather arm |       |       |     7 |    27 ||    34
Dodge: Dodged            |    17 |    14 |    89 |    79 ||   199
Block: Other             |       |     6 |    13 |       ||    19
       Reflection        |       |     3 |     7 |     3 ||    13
       Buckler           |       |       |    47 |    51 ||    98

Table legend:
 A = Non-vault XP
 B = Vault XP
 C = Vault XP percentage of total XP
 D = Non-vault monster count
 E = Vault monster count
 F = Vault count percentage of total count
                 A         B        C        D         E       F
            +---------+---------+-------+---------+---------+-------
      Total |    5788 |    4250 |  42.3 |     201 |      56 |  21.8
            +---------+---------+-------+---------+---------+-------
        D:1 |      43 |       0 |   0.0 |      25 |       0 |   0.0
        D:2 |      68 |      42 |  38.2 |      23 |       1 |   4.2
        D:3 |     306 |     211 |  40.8 |      25 |       3 |  10.7
        D:4 |     575 |      13 |   2.2 |      34 |       5 |  12.8
        D:5 |     755 |     617 |  45.0 |      17 |       1 |   5.6
        D:6 |     535 |       1 |   0.2 |      11 |       1 |   8.3
        D:7 |    1227 |       0 |   0.0 |      30 |       0 |   0.0
        D:8 |     389 |    2833 |  87.9 |      16 |      20 |  55.6
        D:9 |    1890 |     230 |  10.8 |      20 |       2 |   9.1
      Sewer |       0 |     115 | 100.0 |       0 |      11 | 100.0
    Ossuary |       0 |     188 | 100.0 |       0 |      12 | 100.0
            +---------+---------+-------+---------+---------+-------

Vault maps used:
D:1:      matt_arrival_spirals
D:2:      gammafunk_temple_overflow_statue, lemuel_doored_altar, first_ration,
          okawaru_gym_becter, uniq_crazy_yiuf_cottage
D:3:      old_standard_altar, chequers_ecumenical_altar_island, uniq_purgy,
          uniq_ijyb, uniq_natasha
D:4:      hangedman_ru_absence, temple_doors_e,
          lightli_ossuary_entry_decrepit_ruins, portal_sewer_entry_f
D:5:      uniq_pikel
D:6:      corexii_shack
D:7:      fedhas_altar_fruit_tree
D:8:      kennysheep_mini, lemuel_round_altar, lair_entry_dummy, david_nohive_1,
          tgw_kikubaaqudgha, uniq_harold, uniq_maurice
D:9:      nicolae_whirlpool, kennysheep_little_box, nicolae_gozag_seed_capital,
          basic_altar, serial_co_window_serial, co_window_corner_a,
          co_window_corner_a, co_window_of_opportunity_a, co_window_paths_a,
          co_window_corner_a, co_window_corner_a, co_window_of_opportunity_a,
          co_window_of_opportunity_a, co_window_paths_a,
          co_window_unsneaky_path_c, co_window_of_opportunity_c,
          co_window_2corner, co_window_2corner, glass_columns_a,
          glass_columns_a, glass_columns_a, glass_columns_b
Sewer:    sewer_kobolds
Ossuary:  ossuary_crypta

Table legend:
 A = Turns spent in this place as a percentage of turns spent in the entire game.
 B = Non-inter-level travel turns spent in this place as a percentage of non-inter-level travel turns spent in the entire game.
 C = Inter-level travel turns spent in this place as a percentage of turns spent in this place.
 D = Turns resting spent in this place as a percentage of non-inter-level travel turns spent in this place.
 E = Turns spent auto-exploring this place as a percentage of non-inter-level travel turns spent in this place.
 F = Non-inter-level travel turns spent in this place divided by the number of levels of this place that you've seen.
                   A       B       C       D       E      F
               +-------+-------+-------+-------+-------+----------------------
         Total | 100.0 | 100.0 |   5.5 |   4.9 |  79.0 | 1058.5
       Dungeon |  91.5 |  91.0 |   6.0 |   1.5 |  83.6 | 1177.7
         Sewer |   2.7 |   2.9 |   0.0 |   0.0 |  80.6 | 335.0
       Ossuary |   5.8 |   6.1 |   0.0 |  57.0 |  10.0 | 710.0
               +-------+-------+-------+-------+-------+----------------------

Table legend:
 A = Kills in this place as a percentage of kills in entire the game.
 B = Kills by you in this place as a percentage of kills by you in the entire game.
 C = Kills by friends in this place as a percentage of kills by friends in the entire game.
 D = Other kills in this place as a percentage of other kills in the entire game.
 E = Experience gained in this place as a percentage of experience gained in the entire game.
 F = Experience gained in this place divided by the number of levels of this place that you have seen.
                   A       B       C       D       E      F
               +-------+-------+-------+-------+-------+----------------------
         Total | 100.0 | 100.0 |   N/A |   N/A | 100.0 | 912.5
       Dungeon |  91.1 |  91.1 |   N/A |   N/A |  97.0 | 1081.7
         Sewer |   4.3 |   4.3 |   N/A |   N/A |   1.1 | 115.0
       Ossuary |   4.7 |   4.7 |   N/A |   N/A |   1.9 | 188.0
               +-------+-------+-------+-------+-------+----------------------
